 Dungeon Crawl Stone Soup version 0.25-a0-1113-g0499d652a8 (webtiles) character file.

Game seed: 12295191822299465580, levelgen mode: deterministic

2548 vurker the Slicer (level 9, -1/48 HPs)
             Began as a Vine Stalker Assassin on May 16, 2020.
             Was a Believer of Uskayaw.
             Slain by a hornet (3 damage)
             ... while paralysed by a hornet
             ... on level 8 of the Dungeon.
             The game lasted 00:19:25 (6869 turns).

vurker the Slicer (Vine Stalker Assassin)           Turns: 6869, Time: 00:19:25

Health: -1/48      AC: 10    Str: 17    XL:     9   Next: 56%
Magic:  0/12       EV:  2    Int: 11    God:    Uskayaw [**....]
Gold:   409        SH:  0    Dex: 16    Spells: 8/8 levels left

rFire    + . .     SeeInvis .   a - +4 dagger (vamp)
rCold    . . .     Gourm    .   m - +2 buckler
rNeg     . . .     Faith    .   F - +0 chain mail
rPois    .         Spirit   +   (no helmet)
rElec    +         Reflect  .   D - +1 cloak
rCorr    .         Harm     .   (no gloves)
MR       ++...                  (no boots)
Stlth    ..........             r - amulet "Keatzir" {rElec Regen+}
HPRegen  0.96/turn              g - ring of protection from magic
MPRegen  0.13/turn              k - ring of protection from fire

@: paralysed, lethally poisoned (-1 -> -9), slowed
A: fangs 3, regeneration 1, magic shield, antimagic bite, no potion heal 3, rot
immunity
a: Stomp, Line Pass, Renounce Religion


You were on level 8 of the Dungeon.
You worshipped Uskayaw.
Uskayaw was noncommittal.
You were hungry.

You visited 2 branches of the dungeon, and saw 9 of its levels.

You collected 442 gold pieces.
You spent 33 gold pieces at shops.

Inventory:

Hand Weapons
 a - a +4 vampiric dagger (weapon)
   (You took it off a goblin on level 3 of the Dungeon)
 b - a +4 dagger of venom
   (You took it off an orc priest on level 6 of the Dungeon)
 y - the +8 longbow "Zephyr" {speed, Dex+3 SInv}
   (You took it off an orc on level 7 of the Dungeon)

   Attacks with this weapon are significantly faster.
   It affects your dexterity (+3).
   It lets you see invisible.
Missiles
 d - 10 poisoned darts (quivered)
 f - 2 curare-tipped darts
 l - 2 silver javelins
Armour
 m - a +2 buckler (worn)
   (You found it on level 1 of the Dungeon)
 D - a +1 cloak (worn)
 F - a +0 chain mail (worn)
   (You found it on level 5 of the Dungeon)
Jewellery
 g - a ring of protection from magic (left hand)
   (You found it on level 6 of the Dungeon)
 k - a ring of protection from fire (right hand)
   (You took it off an orc on level 4 of the Dungeon)
 r - the amulet "Keatzir" (around neck) {rElec Regen+}
   (You acquired it on level 8 of the Dungeon)

   [amulet of regeneration]

   It insulates you from electricity.
   It increases your rate of regeneration.
 x - an uncursed ring of flight
   (You took it off an orc on level 3 of the Dungeon)
Wands
 c - a wand of disintegration (16)
   (You found it on level 5 of the Dungeon)
 u - a wand of polymorph (7)
   (You took it off an orc priest on level 7 of the Dungeon)
Scrolls
 i - 4 scrolls of teleportation
 j - 5 scrolls of remove curse
 n - a scroll of magic mapping
 o - a scroll of enchant weapon
 p - a scroll of fog
 q - 2 scrolls of blinking
 w - 3 scrolls of immolation
Potions
 h - a potion of stabbing
 s - a potion of ambrosia
 v - 3 potions of mutation
 z - 2 potions of curing
 B - a potion of berserk rage {unknown}
 C - a potion of flight
Comestibles
 e - 10 rations


   Skills:
 + Level 6.0 Fighting
 * Level 8.5 Short Blades
 - Level 1.7 Throwing
 - Level 0.7 Dodging
 - Level 4.8 Stealth
 - Level 4.0 Shields
 + Level 3.8 Invocations


You had 8 spell levels left.
You didn't know any spells.
Your spell library contained the following spells:

 Spells                   Type           Power        Failure   Level  Hunger
 Corona                   Hex            #......      100%        1    ##.....
 Ensorcelled Hibernation  Hex/Ice        #.....       100%        2    ###....
 Confusing Touch          Hex            #.......     100%        3    ####...
 Dazzling Flash           Conj/Hex       #.....       100%        3    ####...
 Tukima's Dance           Hex            #.......     100%        3    ####...


Dungeon Overview and Level Annotations

Branches:
Dungeon (8/15)             Temple (1/1) D:7
   Lair: D:8-11

Altars:
Cheibriados
Dithmenos
Elyvilon
Fedhas
Gozag
Hepliaklqana
Kikubaaqudgha
Makhleb
Nemelex Xobeh
Ru
Sif Muna
Trog
Uskayaw
Vehumet
Wu Jian
Xom
Yredelemnul
Zin
The Shining One

Shops:
D:4 !

Annotations:
D:5 exclusion: door
D:8 exclusion: oklob plant, Harold, Psyche


Innate Abilities, Weirdness & Mutations

You have razor-sharp teeth.
Your natural rate of healing is unusually fast.
When hurt, damage is shared between your health and your magic reserves.
Your bite disrupts and absorbs the magic of your enemies.
Potions cannot restore your health.
You are immune to rotting.


Message History

The hornet stings you!
You are poisoned.
You feel yourself slow down. The hornet stings you!
* * * LOW HITPOINT WARNING * * *
You are more poisoned.
You shrug off the repeated paralysis!
You can move again.
You hit the hornet.
You feel yourself speed up.
You feel sick. The hornet stings you.
* * * LOW HITPOINT WARNING * * *
You shrug off the repeated paralysis!
You hit the hornet but do no damage. You bite the hornet. You drain its power.
You feel invigorated.
You feel sick. The hornet stings you.
* * * LOW HITPOINT WARNING * * *
You feel yourself slow down.
You can now pass through a line of other dancers.
Aim: a hornet (moderately wounded, chance to defeat MR: 37%)
Okay, then.
Aim: a hornet (moderately wounded, chance to defeat MR: 56%)
The hornet resists with significant effort.
You feel yourself speed up.
You feel sick. The hornet stings you.
* * * LOW HITPOINT WARNING * * *
You feel yourself slow down. You block the hornet's attack.
Aim: a hornet (moderately wounded, chance to defeat MR: 56%)
Okay, then.
Unknown command.
Unknown command.
Okay, then.
Okay, then.
You hit the hornet. You bite the hornet, but do no damage.
You feel sick.
The hornet stings you but does no damage.
The hornet stings you.
* * * LOW HITPOINT WARNING * * *
You are more poisoned.
You suddenly lose the ability to move!
You feel sick. The hornet stings you!
* * * LOW HITPOINT WARNING * * *
You are lethally poisoned!
You feel as though you will be slow longer.
* * * LOW HITPOINT WARNING * * *
You feel very sick.
The hornet stings you but does no damage.
The hornet barely misses you.
* * * LOW HITPOINT WARNING * * *
You feel sick. The hornet stings you.
You die...

@@.y#####.###.....##
####[[...............
# #)###..#.......### #
#@# #..........# #
#@###..........#
##.....###.#.##.#
#......# #.#.##.#
#.##.#.###....y.#
#.#..#.##.....@.#
#.#.##.##.......#
#.#.##.##........#
#......##........'≈≈≈
#.......##.......##≈≈≈
#.##.##.##.......#
≈≈≈≈ #.
#.##.##.......# ### #
#.##.########## #.##.#


You could see a hornet.

Vanquished Creatures
  A hippogriff (D:8)
  2 hungry ghosts
  An orc warrior (D:7)
  An ogre (D:6)
  A centaur (D:8)
  A crocodile (D:7)
  A bullfrog (D:7)
  A wyvern zombie (D:8)
  A wyvern skeleton (D:8)
  2 scorpions (D:7)
  7 wights
  7 crimson imps
  A howler monkey (D:8)
  3 hounds
  6 orc priests
  2 bullfrog skeletons
  A jelly (D:8)
  6 orc wizards
  9 worker ants
  A hound skeleton (D:5)
  Robin (D:3)
  A howler monkey zombie (D:8)
  A howler monkey skeleton (D:4)
  4 adders
  A shadow imp (D:7)
  2 oozes
  An adder skeleton (D:7)
  4 dart slugs
  3 worms
  2 leopard geckos
  20 orcs
  9 giant cockroaches
  18 goblins
  5 hobgoblins
  10 jackals
  4 kobolds
  2 quokkas
  4 ball pythons
  3 bats
  2 frilled lizards
  A jackal skeleton (D:7)
  7 rats
160 creatures vanquished.

Notes
Turn   | Place    | Note
-------+----------+-------------------------------------------
     0 | D:1      | vurker the Vine Stalker Assassin began the quest for the
                  | Orb.
     0 | D:1      | Reached XP level 1. HP: 11/11 MP: 2/2
    37 | D:1      | Reached skill level 2 in Short Blades
   219 | D:1      | Reached XP level 2. HP: 15/15 MP: 3/3
   631 | D:1      | Reached XP level 3. HP: 18/18 MP: 4/4
   980 | D:2      | Reached skill level 3 in Short Blades
  1658 | D:2      | Gained mutation: Your natural rate of healing is unusually
                  | fast. [Vine Stalker growth]
  1658 | D:2      | Reached XP level 4. HP: 23/23 MP: 5/5
  2029 | D:3      | Found a sacrificial altar of Ru.
  2283 | D:3      | Identified the cursed +0 helmet of Miracles {rN+ Int-4
                  | Dex+3}
  2283 | D:3      | Noticed Robin
  2443 | D:3      | Killed Robin
  2601 | D:4      | Found Gaoll's Distillery.
  2617 | D:4      | Bought a potion of curing for 33 gold pieces
  2633 | D:4      | Reached skill level 1 in Shields
  2704 | D:4      | Reached XP level 5. HP: 28/28 MP: 6/6
  2791 | D:4      | Reached skill level 4 in Short Blades
  2907 | D:4      | Reached XP level 6. HP: 30/32 MP: 7/7
  3587 | D:5      | Entered Level 5 of the Dungeon
  3837 | D:5      | Reached skill level 5 in Short Blades
  3837 | D:5      | Reached XP level 7. HP: 37/37 MP: 8/8
  4128 | D:5      | Found a shimmering blue altar of Sif Muna.
  4792 | D:6      | Reached skill level 6 in Short Blades
  4792 | D:6      | Gained mutation: You have razor-sharp teeth. [Vine Stalker
                  | growth]
  4792 | D:6      | Reached XP level 8. HP: 23/42 MP: 6/9
  5218 | D:7      | Found a staircase to the Ecumenical Temple.
  5222 | Temple   | Entered the Ecumenical Temple
  5377 | D:7      | Found a basalt altar of Yredelemnul.
  5381 | D:7      | Found a burning altar of Makhleb.
  5381 | D:7      | Found an ancient bone altar of Kikubaaqudgha.
  5394 | D:7      | Found a white marble altar of Elyvilon.
  5398 | D:7      | Found an ornate altar of the Wu Jian Council.
  5504 | D:7      | Found a sparkling altar of Nemelex Xobeh.
  5641 | D:7      | Found a shimmering altar of Xom.
  5649 | D:7      | Noticed a +0 hand axe
  5650 | D:7      | Found a hide-covered altar of Uskayaw.
  5650 | D:7      | Noticed a +0 hand axe
  5658 | D:7      | Became a worshipper of Uskayaw the Reveler
  5818 | D:7      | Reached * piety under Uskayaw
  5820 | D:7      | Reached ** piety under Uskayaw
  5999 | D:7      | Reached skill level 5 in Fighting
  5999 | D:7      | Reached skill level 1 in Invocations
  6011 | D:7      | Reached skill level 7 in Short Blades
  6058 | D:7      | Reached *** piety under Uskayaw
  6060 | D:7      | Reached **** piety under Uskayaw
  6067 | D:7      | Reached ***** piety under Uskayaw
  6129 | D:7      | Reached XP level 9. HP: 44/47 MP: 11/11
  6229 | D:8      | Identified a scroll of acquirement
  6230 | D:8      | Got the amulet "Keatzir" {rElec Regen+}
  6285 | D:8      | Reached skill level 8 in Short Blades
  6290 | D:8      | Reached ****** piety under Uskayaw
  6555 | D:8      | Noticed Harold
  6574 | D:8      | Noticed Psyche
  6583 | D:8      | Noticed a hornet
  6771 | D:8      | Found a burning altar of Makhleb.
  6775 | D:8      | Noticed an oklob plant
  6861 | D:8      | Paralysed by a hornet for 1 turns
  6866 | D:8      | Paralysed by a hornet for 3 turns
  6869 | D:8      | HP: 2/48 [poisoned by a hornet]
  6869 | D:8      | Slain by a hornet

Illustrated notes

Levels and vault maps discovered:
D:1:      psy_arrival_fountain, layout_rooms
D:2:      layout_basic
D:3:      layout_rooms, first_ration, hangedman_ru_absence, uniq_robin
D:4:      layout_basic, serial_shops, nicolae_shop_waterfront
D:5:      layout_cave_pools, led_sif_book
D:6:      layout_loops_ring
D:7:      kennysheep_windowed_halls, layout_rooms,
          minmay_overflow_temple_star_hex, marbit_many_paths,
          dancing_weapons_uskayaw, lemuel_doored_altar, temple_hall_moat
D:8:      layout_loops_cross, chequers_temple_overflow_statue_of_worship,
          serial_rivers, chequers_serial_rivers_micro_d,
          chequers_serial_rivers_room_a, chequers_serial_rivers_room_b,
          chequers_serial_rivers_micro_c, blue_anna_alchemist
          [blue_anna_fruit_fields, blue_anna_fruit_fields], lemuel_oklob_altar,
          uniq_harold, uniq_psyche
Temple:   cyrus_temple_forest

Skill      XL: |  1  2  3  4  5  6  7  8  9 |
---------------+----------------------------+-----
Short Blades   | 2 3 4 5 6 7 8 |  8.5
Fighting       | 2 3 4 5 6 |  6.0
Shields        | 1 2 3 4 |  4.0
Invocations    | 2 3 |  3.8
Throwing       | |  1.7
Dodging        | |  0.7
Stealth        | |  4.8

Action                   |  1- 3 |  4- 6 |  7- 9 || total
-------------------------+-------+-------+-------++-------
Melee: Dagger            |    87 |   212 |   393 ||   692
       Bite              |    19 |    70 |   137 ||   226
Throw: Dart              |    16 |    10 |     4 ||    30
       Javelin           |       |     2 |     4 ||     6
Evoke: Wand              |       |       |     1 ||     1
  Use: Scroll            |       |       |    18 ||    18
 Stab: Sleeping          |     8 |     6 |     2 ||    16
       Distracted        |     1 |       |     1 ||     2
       Paralysed         |       |       |     4 ||     4
  Eat: Chunk             |     2 |     4 |    16 ||    22
       Ration            |       |     1 |       ||     1
Armor: Robe              |    14 |     4 |       ||    18
       Leather armour    |       |    28 |     4 ||    32
       Chain mail        |       |       |    92 ||    92
Dodge: Dodged            |    38 |    72 |    60 ||   170
Block: Buckler           |     6 |    40 |    81 ||   127

Table legend:
 A = Non-vault XP
 B = Vault XP
 C = Vault XP percentage of total XP
 D = Non-vault monster count
 E = Vault monster count
 F = Vault count percentage of total count
                 A         B        C        D         E       F
            +---------+---------+-------+---------+---------+-------
      Total |    2814 |     827 |  22.7 |     132 |      28 |  17.5
            +---------+---------+-------+---------+---------+-------
        D:1 |      53 |       0 |   0.0 |      28 |       0 |   0.0
        D:2 |      32 |       0 |   0.0 |      12 |       0 |   0.0
        D:3 |      11 |      34 |  75.6 |       6 |      12 |  66.7
        D:4 |     391 |       0 |   0.0 |      26 |       0 |   0.0
        D:5 |     420 |       0 |   0.0 |      19 |       0 |   0.0
        D:6 |     465 |       3 |   0.6 |      16 |       1 |   5.9
        D:7 |     210 |     790 |  79.0 |       7 |      15 |  68.2
        D:8 |    1232 |       0 |   0.0 |      18 |       0 |   0.0
            +---------+---------+-------+---------+---------+-------
